 Dungeon Crawl Stone Soup version 0.25-a0-443-gece2dee8bd (webtiles) character file.

Game seed: 3470311307718675410, levelgen mode: deterministic

206 Lugonue the Chiller (level 5, -5/39 HPs)
             Began as a Ghoul Ice Elementalist on Jan 30, 2020.
             Slain by a bullfrog skeleton (6 damage)
             ... on level 4 of the Dungeon.
             The game lasted 00:05:55 (2070 turns).

Lugonue the Chiller (Ghoul Ice Elementalist)        Turns: 2070, Time: 00:05:56

Health: -5/39      AC:  2    Str: 14 (17) XL:     5   Next: 84%
Magic:  7/7        EV: 17    Int: 12 (15) God:
Gold:   229        SH:  0    Dex: 13 (15) Spells: 7/8 levels left

rFire    . . .     SeeInvis +     - Unarmed
rCold    + . .     Gourm    .   (no shield)
rNeg     + + +     Faith    .   a - +0 robe
rPois    ∞         Spirit   .   (no helmet)
rElec    .         Reflect  .   (no cloak)
rCorr    .         Harm     .   (no gloves)
MR       .....                  (no boots)
Stlth    +++.......             (no amulet)
HPRegen  0.00/turn              d - ring of see invisible
MPRegen  0.10/turn              (no ring)

@: mighty, brilliant, agile, rotting
A: rotting body, claws 1, carnivore, cold resistance 1, negative energy
resistance 3, inhibited regeneration, torment resistance, unbreathing
a: no special abilities


You were on level 4 of the Dungeon.
You were not hungry.

You visited 1 branch of the dungeon, and saw 4 of its levels.

You collected 229 gold pieces.

Inventory:

Armour
 a - a +0 robe (worn)
Jewellery
 d - a ring of see invisible (left claw)
Scrolls
 b - a scroll of magic mapping
 i - 2 scrolls of identify
 j - 2 scrolls of fear {unknown}
 k - a scroll of teleportation {unknown}
 l - a scroll of remove curse
 o - 2 scrolls of enchant armour {unknown}
Potions
 e - a potion of brilliance
 h - a potion of lignification
Comestibles
 c - 4 rations


   Skills:
 + Level 0.5 Fighting
 - Level 2.0 Dodging
 - Level 2.3 Stealth
 * Level 3.2 Unarmed Combat
 + Level 2.4 Spellcasting
 * Level 6.0 Ice Magic


You had 7 spell levels left.
You knew the following spells:

 Your Spells              Type           Power        Failure   Level  Hunger
a - Freeze                Ice            ###.         1%          1    ##.....

Your spell library contained the following spells:

 Spells                   Type           Power        Failure   Level  Hunger
 Ozocubu's Armour         Chrm/Ice       ###.....     2%          3    ####...
 Hailstorm                Conj/Ice       ###.....     9%          4    #####..
 Summon Ice Beast         Ice/Summ       ###.....     9%          4    #####..


Dungeon Overview and Level Annotations

Branches:
Dungeon (4/15)
 Temple: D:4-7

Altars:
Dithmenos
Elyvilon


Innate Abilities, Weirdness & Mutations

Your body is rotting away.
You thrive on raw meat.
You are immune to poison.
You have sharp fingernails.
You are carnivorous and can eat meat at any time.
Your flesh is cold resistant. (rC+)
You are immune to negative energy. (rN+++)
You do not regenerate when monsters are visible.
You are immune to unholy pain and torment.
You can survive without breathing.


Message History

It was a potion of might.
You feel very mighty all of a sudden.
The bullfrog skeleton closely misses you.
It was a potion of agility.
You feel agile all of a sudden. The bullfrog skeleton hits you.
* * * LOW HITPOINT WARNING * * *
The bullfrog skeleton hits you but does no damage.
Okay, then.
Unknown command.
Press: ? - help, v - describe, . - travel, g - get item
Here: a bullfrog skeleton A hound corpse.
The floor.
Okay, then.
Okay, then.
Unknown command.
You eat one of the 5 rations.
That ration really hit the spot!
The bullfrog skeleton hits you.
You die...

#.....##########............#
#+# ............#
........##### ###.....#
#.....##### ### #..........
##.## #.......... ##.#.##
#.......... ##.#.#@##
###........ ##.#.#.#Z#
#........ ##.#.##..#.#
##'###### ##.#.##$.#.## ##..#
##.#.##.)#.## ##...##
##.#.##.#[.## ##.#...#
##.#.##.#.!## ##.#.#..#
#.#.##.#..# ##.#.##..#
##.#.##.#. ##.#.##...#


You could see a bullfrog skeleton.

Vanquished Creatures
  A scorpion (D:4)
  A hound (D:4)
  Jessica (D:2)
  Natasha (D:2)
  4 adders
  An ooze (D:4)
  A leopard gecko (D:3)
  2 giant cockroaches
  7 goblins
  2 hobgoblins
  A quokka (D:4)
  2 bats
  6 frilled lizards
  5 kobolds
  8 rats
43 creatures vanquished.

Vanquished Creatures (others)
  A quokka (D:2)
1 creature vanquished.

Grand Total: 44 creatures vanquished

Notes
Turn   | Place    | Note
-------+----------+-------------------------------------------
     0 | D:1      | Lugonue the Ghoul Ice Elementalist began the quest for the
                  | Orb.
     0 | D:1      | Reached XP level 1. HP: 14/14 MP: 2/2
   164 | D:1      | Reached XP level 2. HP: 6/20 MP: 3/3
   789 | D:2      | Noticed Jessica
   802 | D:2      | Killed Jessica
   802 | D:2      | Reached skill level 1 in Unarmed Combat
   802 | D:2      | Reached skill level 5 in Ice Magic
   802 | D:2      | Reached XP level 3. HP: 23/26 MP: 3/5
   943 | D:2      | Reached XP level 4. HP: 16/33 MP: 4/6
  1020 | D:2      | Noticed Natasha
  1022 | D:2      | Found a white marble altar of Elyvilon.
  1033 | D:2      | Killed Natasha
  1547 | D:3      | Found a faded altar of an unknown god.
  1724 | D:3      | Found a shadowy altar of Dithmenos.
  1862 | D:4      | Reached XP level 5. HP: 19/38 MP: 5/7
  2064 | D:4      | Reached skill level 6 in Ice Magic
  2069 | D:4      | HP: 1/39 [bullfrog skeleton (1)]
  2070 | D:4      | Slain by a bullfrog skeleton

Levels and vault maps discovered:
D:1:      mushboom_english_gardens, layout_basic, serial_bayou_lake_a
D:2:      layout_basic, elyvilon_altar_4, uniq_jessica, uniq_natasha
D:3:      layout_basic, grunt_dithmenos_smoke, chequers_ecumenical_altar_simple
D:4:      minmay_inner_zag, layout_basic, minmay_temple_entry_poolview

Skill      XL: |  1  2  3  4  5 |
---------------+----------------+-----
Dodging        | 2 |  2.0
Unarmed Combat | 1 2 3 |  3.2
Spellcasting   | 2 |  2.4
Ice Magic      | 5 6 |  6.0
Fighting       | |  0.5
Stealth        | |  2.3

Action                   |  1- 3 |  4- 6 || total
-------------------------+-------+-------++-------
Melee: Unarmed           |    68 |    61 ||   129
 Cast: Freeze            |     8 |    27 ||    35
  Use: Scroll            |     4 |       ||     4
       Potion            |       |     8 ||     8
 Stab: Sleeping          |       |     1 ||     1
  Eat: Chunk             |     5 |    14 ||    19
       Ration            |       |     1 ||     1
Armor: Robe              |    15 |     9 ||    24
Dodge: Dodged            |    61 |    43 ||   104

Table legend:
 A = Non-vault XP
 B = Vault XP
 C = Vault XP percentage of total XP
 D = Non-vault monster count
 E = Vault monster count
 F = Vault count percentage of total count
                 A         B        C        D         E       F
            +---------+---------+-------+---------+---------+-------
      Total |     178 |     117 |  39.7 |      40 |       3 |   7.0
            +---------+---------+-------+---------+---------+-------
        D:1 |      21 |       0 |   0.0 |      15 |       0 |   0.0
        D:2 |      51 |      72 |  58.5 |      11 |       2 |  15.4
        D:3 |      15 |       0 |   0.0 |      10 |       0 |   0.0
        D:4 |      91 |      45 |  33.1 |       4 |       1 |  20.0
            +---------+---------+-------+---------+---------+-------
